MLB
WASHINGTON NATIONALS @ CINCINNATI REDS
08/19/2046
 
TOP OF THE 1ST
Washington Nationals batting - Pitching for Cincinnati Reds : LHP Jeff Baker
Pitching: LHP Jeff Baker
Batting: LHB R.J. O'Brien 0-0: Ball
1-0: TRIPLE (Line Drive, 7D, EV 103.1 MPH)
Batting: LHB Seth Cook 0-0: Swinging Strike
0-1: Swinging Strike
0-2: Strikes out swinging
Batting: RHB John Sanders 0-0: SINGLE (Groundball, 34D, EV 100.6 MPH)
R.J. O'Brien scores
Batting: RHB Dave Vargas 0-0: Foul Ball, location: 2F
0-1: Called Strike
0-2: Ball
1-2: Strikes out looking
Batting: RHB Adam Burke 0-0: Foul Ball, location: 2F
0-1: Foul Ball, location: 2F
0-2: Ball
1-2: Ball
2-2: Ball
3-2: Fly out, F8 (Flyball, 8RD, EV 102.5 MPH)
Top of the 1st over - 1 run, 2 hits, 0 errors, 1 left on base; Washington 1 - Cincinnati 0
BOTTOM OF THE 1ST
Cincinnati Reds batting - Pitching for Washington Nationals : RHP Danny Diaz
Pitching: RHP Danny Diaz
Batting: RHB Joseph Kirchmann 0-0: Called Strike
0-1: Called Strike
0-2: Ball
1-2: Ball
2-2: Ground out 5-3 (Groundball, 5S, EV 66.2 MPH)
Batting: SHB Saulo Maina 0-0: Ground out 6-3 (Groundball, 4, EV 81.2 MPH)
Batting: LHB Chris Grunwald 0-0: Ball
1-0: Called Strike
1-1: SOLO HOME RUN (Flyball, 7LD, EV 94.4 MPH), Distance : 351 ft
Batting: SHB Dave Barefoot 0-0: Ground out 4-3 (Groundball, 4S, EV 83.8 MPH)
Bottom of the 1st over - 1 run, 1 hit, 0 errors, 0 left on base; Washington 1 - Cincinnati 1
TOP OF THE 2ND
Washington Nationals batting - Pitching for Cincinnati Reds : LHP Jeff Baker
Batting: RHB Kanehisa Kubo 0-0: Bunt for hit to 5S - play at first, batter OUT! 5-3
Batting: RHB Danny Gerardo 0-0: Called Strike
0-1: Ground out 6-3 (Groundball, 6, EV 103.1 MPH)
Batting: RHB Justin Bonner 0-0: Ground out 2-3 (Groundball, 2L, EV 70.0 MPH)
Top of the 2nd over - 0 runs, 0 hits, 0 errors, 0 left on base; Washington 1 - Cincinnati 1
BOTTOM OF THE 2ND
Cincinnati Reds batting - Pitching for Washington Nationals : RHP Danny Diaz
Batting: RHB Fred Slade 0-0: Ball
1-0: Called Strike
1-1: Swinging Strike
1-2: Hit by Pitch
Batting: LHB Antonio Figueroa 0-0: Called Strike
0-1: Ball
1-1: Called Strike
1-2: Ball
2-2: Ball
3-2: SINGLE (Groundball, 56D, EV 96.9 MPH)
Fred Slade to second
Batting: RHB Willie Lazcano 0-0: Ball
1-0: Ball
2-0: Ball
3-0: Called Strike
3-1: Swinging Strike
3-2: Grounds into double play, 5-4-3 (Groundball, 25, EV 87.5 MPH)
Fred Slade to third
Batting: LHB Andy Arbuckle 0-0: Called Strike
0-1: Called Strike
0-2: Fly out, F5 (Popup, 5F, EV 63.1 MPH)
Bottom of the 2nd over - 0 runs, 1 hit, 0 errors, 1 left on base; Washington 1 - Cincinnati 1
TOP OF THE 3RD
Washington Nationals batting - Pitching for Cincinnati Reds : LHP Jeff Baker
Batting: LHB Pat Aviles 0-0: Ball
1-0: Called Strike
1-1: Ball
2-1: Ground out 4-3 (Groundball, 4, EV 100.0 MPH)
Batting: LHB R.J. O'Brien 0-0: Ball
1-0: Ball
2-0: Ball
3-0: Called Strike
3-1: Base on Balls
Batting: LHB Seth Cook 0-0: Called Strike
R.J. O'Brien is caught stealing 2nd base 2-6
0-1: Foul Ball, location: 2F
0-2: Ball
1-2: Foul Ball, location: 2F
1-2: Ball
2-2: Strikes out swinging
Top of the 3rd over - 0 runs, 0 hits, 0 errors, 0 left on base; Washington 1 - Cincinnati 1
BOTTOM OF THE 3RD
Cincinnati Reds batting - Pitching for Washington Nationals : RHP Danny Diaz
Batting: LHB Randy Racine 0-0: Foul Ball, location: 2F
0-1: Foul Ball, location: 2F
0-2: SINGLE (Groundball, 3D, EV 101.2 MPH)
Batting: RHB Joseph Kirchmann 0-0: Called Strike
0-1: Ball
1-1: Foul Ball, location: 2F
1-2: Ball
2-2: Strikes out swinging
Batting: SHB Saulo Maina 0-0: Swinging Strike
0-1: Foul Ball, location: 2F
0-2: Strikes out swinging
Batting: LHB Chris Grunwald 0-0: Ball
1-0: Called Strike
1-1: Called Strike
1-2: Ball
2-2: Ball
3-2: TRIPLE (Flyball, 89XD, EV 111.2 MPH)
Randy Racine scores
Batting: SHB Dave Barefoot 0-0: Fly out, F8 (Flyball, 8RM, EV 86.2 MPH)
Bottom of the 3rd over - 1 run, 2 hits, 0 errors, 1 left on base; Washington 1 - Cincinnati 2
TOP OF THE 4TH
Washington Nationals batting - Pitching for Cincinnati Reds : LHP Jeff Baker
Batting: RHB John Sanders 0-0: Fly out, F3 (Popup, 3SF, EV 72.5 MPH)
Batting: RHB Dave Vargas 0-0: Ground out 5-3 (Groundball, 56, EV 85.6 MPH)
Batting: RHB Adam Burke 0-0: Swinging Strike
0-1: Foul Ball, location: 2F
0-2: Ball
1-2: Ball
2-2: Foul Ball, location: 2F
2-2: Ball
3-2: Fly out, F8 (Flyball, 8LS, EV 90.6 MPH)
Top of the 4th over - 0 runs, 0 hits, 0 errors, 0 left on base; Washington 1 - Cincinnati 2
BOTTOM OF THE 4TH
Cincinnati Reds batting - Pitching for Washington Nationals : RHP Danny Diaz
Batting: RHB Fred Slade 0-0: Foul Ball, location: 2F
0-1: Ball
1-1: Fly out, F7 (Line Drive, 7, EV 108.1 MPH)
Batting: LHB Antonio Figueroa 0-0: SINGLE (Groundball, 25, EV 63.8 MPH) (infield hit)
Batting: RHB Willie Lazcano 0-0: Ball
1-0: Foul Ball, location: 2F
1-1: Ball
2-1: Ball
3-1: Base on Balls
Antonio Figueroa to second
Batting: LHB Andy Arbuckle 0-0: Ball
1-0: Ball
2-0: Fly out, F7 (Flyball, 7, EV 86.2 MPH)
Batting: LHB Randy Racine 0-0: Ball
1-0: Ground out U3 (Groundball, 3, EV 86.2 MPH)
Bottom of the 4th over - 0 runs, 1 hit, 0 errors, 2 left on base; Washington 1 - Cincinnati 2
TOP OF THE 5TH
Washington Nationals batting - Pitching for Cincinnati Reds : LHP Jeff Baker
Batting: RHB Kanehisa Kubo 0-0: Called Strike
0-1: Ball
1-1: Ball
2-1: Fly out, F7 (Flyball, 78S, EV 80.6 MPH)
Batting: RHB Danny Gerardo 0-0: Ball
1-0: Ground out 1-3 (Groundball, 13S, EV 73.8 MPH)
Batting: RHB Justin Bonner 0-0: Ball
1-0: Ball
2-0: Ball
3-0: Fly out, F9 (Line Drive, 9, EV 90.6 MPH)
Top of the 5th over - 0 runs, 0 hits, 0 errors, 0 left on base; Washington 1 - Cincinnati 2
BOTTOM OF THE 5TH
Cincinnati Reds batting - Pitching for Washington Nationals : RHP Danny Diaz
Batting: RHB Joseph Kirchmann 0-0: Ball
1-0: Ball
2-0: Called Strike
2-1: Ground out 5-3 (Groundball, 56S, EV 86.9 MPH)
Batting: SHB Saulo Maina 0-0: Fly out, F3 (Popup, 3SF, EV 81.2 MPH)
Batting: LHB Chris Grunwald 0-0: Foul Ball, location: 2F
0-1: Ball
1-1: Reached on error, E6 (Groundball, 6, EV 91.9 MPH)
Batting: SHB Dave Barefoot 0-0: Called Strike
0-1: Ball
1-1: Fielders Choice at 2nd, U4 (Groundball, 4M, EV 110.6 MPH)
Bottom of the 5th over - 0 runs, 0 hits, 1 error, 1 left on base; Washington 1 - Cincinnati 2
TOP OF THE 6TH
Washington Nationals batting - Pitching for Cincinnati Reds : LHP Jeff Baker
Batting: LHB Pat Aviles 0-0: Ground out 5-3 (Groundball, 6, EV 88.1 MPH)
Batting: LHB R.J. O'Brien 0-0: Ball
1-0: Foul Ball, location: 2F
1-1: Foul Ball, location: 2F
1-2: Foul Ball, location: 2F
1-2: Strikes out swinging
Batting: LHB Seth Cook 0-0: Fly out, F8 (Flyball, 8LXD, EV 109.4 MPH)
Top of the 6th over - 0 runs, 0 hits, 0 errors, 0 left on base; Washington 1 - Cincinnati 2
BOTTOM OF THE 6TH
Cincinnati Reds batting - Pitching for Washington Nationals : RHP Danny Diaz
Batting: RHB Fred Slade 0-0: Ball
1-0: Ball
2-0: Called Strike
2-1: Swinging Strike
2-2: Ball
3-2: Strikes out swinging
Batting: LHB Antonio Figueroa 0-0: SINGLE (Line Drive, 5D, EV 98.8 MPH)
Batting: RHB Willie Lazcano 0-0: Foul Ball, location: 2F
0-1: Ball
1-1: Grounds into double play, 6-4-3 (Groundball, 6, EV 105.6 MPH)
Bottom of the 6th over - 0 runs, 1 hit, 0 errors, 0 left on base; Washington 1 - Cincinnati 2
TOP OF THE 7TH
Washington Nationals batting - Pitching for Cincinnati Reds : LHP Jeff Baker
Batting: RHB John Sanders 0-0: Ball
1-0: Ball
2-0: Foul Ball, location: 2F
2-1: Foul Ball, location: 2F
2-2: Ball
3-2: Strikes out looking
Batting: RHB Dave Vargas 0-0: Ball
1-0: Foul Ball, location: 2F
1-1: Called Strike
1-2: Ball
2-2: Strikes out swinging
Batting: RHB Adam Burke 0-0: Called Strike
0-1: Ball
1-1: Ball
2-1: Foul Ball, location: 2F
2-2: Ball
3-2: Foul Ball, location: 2F
3-2: Foul Ball, location: 2F
3-2: Foul Ball, location: 2F
3-2: SINGLE (Flyball, 89D, EV 100.6 MPH)
Batting: RHB Kanehisa Kubo 0-0: Ball
1-0: Ball
2-0: Ball
3-0: Called Strike
3-1: Base on Balls
Adam Burke to second
Batting: RHB Danny Gerardo 0-0: Called Strike
0-1: Swinging Strike
0-2: Foul Ball, location: 2F
0-2: Strikes out swinging
Top of the 7th over - 0 runs, 1 hit, 0 errors, 2 left on base; Washington 1 - Cincinnati 2
BOTTOM OF THE 7TH
Cincinnati Reds batting - Pitching for Washington Nationals : RHP Danny Diaz
Batting: LHB Andy Arbuckle 0-0: Ground out 4-3 (Groundball, 4, EV 90.0 MPH)
Batting: LHB Randy Racine 0-0: Ball
1-0: Foul Ball, location: 2F
1-1: Foul Ball, location: 2F
1-2: SINGLE (Line Drive, 6MD, EV 99.4 MPH)
Batting: RHB Joseph Kirchmann 0-0: Ball
1-0: Ball
2-0: Ball
3-0: Called Strike
3-1: Base on Balls
Randy Racine to second
Batting: SHB Saulo Maina 0-0: Ball
1-0: Foul Ball, location: 2F
1-1: Foul Ball, location: 2F
1-2: Foul Ball, location: 2F
1-2: Foul Ball, location: 2F
1-2: Strikes out looking
Pitching: RHP Kyle Bradley
Batting: LHB Chris Grunwald 0-0: Ball
1-0: Called Strike
Randy Racine steals 3rd base
Joseph Kirchmann to second
1-1: Called Strike
1-2: Fly out, F9 (Flyball, 9S, EV 90.6 MPH)
Bottom of the 7th over - 0 runs, 1 hit, 0 errors, 2 left on base; Washington 1 - Cincinnati 2
TOP OF THE 8TH
Washington Nationals batting - Pitching for Cincinnati Reds : LHP Jeff Baker
Batting: RHB Justin Bonner 0-0: Ball
1-0: Ball
2-0: Ball
3-0: Called Strike
3-1: Base on Balls
Pinch Hitting: RHB Dan Fallon 0-0: Ball
1-0: Bunt missed!
1-1: Sac Bunt to 3S - play at first, batter safe!
Justin Bonner to second
Batting: LHB R.J. O'Brien 0-0: Ground out 5-3 (Groundball, 56S, EV 86.9 MPH)
Justin Bonner to third
Dan Fallon to second
Batting: RHB Nate Dickinson 0-0: Ball
1-0: Ball
2-0: Ball
3-0: Base on Balls
Pitching: RHP Ryan Terlizzi
Batting: RHB John Sanders 0-0: Called Strike
0-1: Ball
1-1: Called Strike
1-2: Strikes out swinging
Batting: RHB Dave Vargas 0-0: Called Strike
0-1: Ball
1-1: Ball
2-1: Ball
3-1: Called Strike
3-2: Base on Balls
Justin Bonner scores
Dan Fallon to third
Nate Dickinson to second
Batting: RHB Adam Burke 0-0: Ball
1-0: Called Strike
1-1: Foul Ball, location: 2F
1-2: Strikes out swinging
Top of the 8th over - 1 run, 1 hit, 0 errors, 3 left on base; Washington 2 - Cincinnati 2
BOTTOM OF THE 8TH
Cincinnati Reds batting - Pitching for Washington Nationals : RHP Kyle Bradley
Now in RF: Alexis Cantu
Batting: SHB Dave Barefoot 0-0: Called Strike
0-1: Ball
1-1: Swinging Strike
1-2: Foul Ball, location: 2F
1-2: Ball
2-2: Ground out 4-3 (Groundball, 4, EV 87.5 MPH)
Batting: RHB Fred Slade 0-0: Called Strike
0-1: Swinging Strike
0-2: Ball
1-2: Ground out 1-5-3 (Groundball, 15S, EV 106.2 MPH)
Batting: LHB Antonio Figueroa 0-0: Ball
1-0: Ball
2-0: Called Strike
2-1: Swinging Strike
2-2: Ball
3-2: Fly out, F8 (Line Drive, 8RM, EV 96.9 MPH)
Bottom of the 8th over - 0 runs, 0 hits, 0 errors, 0 left on base; Washington 2 - Cincinnati 2
TOP OF THE 9TH
Washington Nationals batting - Pitching for Cincinnati Reds : RHP Ryan Terlizzi
Pitching: RHP Justin Ambrose
Batting: RHB Kanehisa Kubo 0-0: Ground out 5-3 (Groundball, 56S, EV 83.1 MPH)
Batting: RHB Danny Gerardo 0-0: Ground out 6-3 (Groundball, 6M, EV 101.2 MPH)
Batting: RHB Justin Bonner 0-0: SINGLE (Groundball, 4D, EV 93.8 MPH)
Batting: LHB Alexis Cantu 0-0: Called Strike
0-1: Ball
1-1: Called Strike
1-2: Foul Ball, location: 2F
1-2: Strikes out swinging
Top of the 9th over - 0 runs, 1 hit, 0 errors, 1 left on base; Washington 2 - Cincinnati 2
BOTTOM OF THE 9TH
Cincinnati Reds batting - Pitching for Washington Nationals : RHP Kyle Bradley
Pitching: LHP Jake Richards
Batting: RHB Willie Lazcano 0-0: Ball
1-0: Ball
2-0: Ball
3-0: Called Strike
3-1: Called Strike
3-2: SINGLE (Line Drive, 34, EV 96.9 MPH)
Batting: LHB Andy Arbuckle 0-0: Called Strike
Willie Lazcano steals 2nd base (no throw)
0-1: Ball
1-1: Ball
2-1: Swinging Strike
2-2: Ball
3-2: Foul Ball, location: 2F
3-2: Strikes out swinging
Pinch Hitting: RHB Bruno André 0-0: Foul Ball, location: 2F
0-1: Ball
1-1: 2-RUN HOME RUN (Flyball, 7LD, EV 95.6 MPH), Distance : 344 ft
Bottom of the 9th over - 2 runs, 2 hits, 0 errors, 0 left on base; Washington 2 - Cincinnati 4
Tuesday, September 13th , 2022 - OOTP Baseball 23.7 Build 88